Unix NetHack Version 5.0.0-0 post-release - last build Jul 11 2026 15:18:16 (a5a7a23833b1ad5d30b1c6e96a93a978492a6348,branch:main).

Game began 2026-07-11 15:28:46, ended 2026-07-12 18:50:51.

Coineanach, neutral male human Barbarian

                            --------------------
                            |.-...........^>..0|
                            |.|------------....---
                            |.-Ou.....|---|.-...%|
                            --|.@.....|...|*..--.|
                              |.......|..........|
                              |...<...|-.--.-....|
                              |.......|...|....-.|
                              |.......|.0....-...|
                              |)......|.|..-...-.|
                              ----------|..0.....|
                                        |00..|.---
                                        --------

Coineanach the Brigand     St:18/11 Dx:16 Co:18 In:7 Wi:9 Ch:6  Neutral
Dlvl:6  $:186 HP:0(109) Pw:19(19) AC:1  Xp:10 T:13267  Fainted  Deaf

Latest messages:
 The tengu is killed!
 You see here a tengu corpse.
 You see here a sapphire ring.
 You smite the ogre lord!
 The ogre lord swings his club.
 The ogre lord hits!
 You see here a sapphire ring.
 In what direction?
 The aklys hits the ogre lord!
 The aklys returns to your hand!
 The ogre lord swings wildly and misses!
 In what direction?
 The aklys hits the ogre lord!
 The aklys returns to your hand!
 In what direction?
 The aklys hits the ogre lord!
 The aklys returns to your hand!
 The ogre lord drinks a potion called white 100!
 The ogre lord looks completely healed.
 In what direction?
 The aklys hits the ogre lord!
 The aklys returns to your hand!
 In what direction?
 The aklys misses the ogre lord.
 The aklys returns to your hand!
 You faint from lack of food.
 The horse misses the ogre lord.
 The horse misses the ogre lord.
 The ogre lord swings his club.
 The ogre lord hits!
 The horse hits the ogre lord.
 The horse bites the ogre lord.
 The ogre lord swings his club at the horse.
 The ogre lord misses the horse.
 The ogre lord swings his club.
 The ogre lord hits!
 The horse picks up a tengu corpse.
 The horse hits the ogre lord.
 The horse misses the ogre lord.
 The ogre lord swings his club at the horse.
 The ogre lord hits the horse.
 The ogre lord swings his club.
 The ogre lord hits!
 You die...
 Do you want your possessions identified? [ynq] (y)
 Do you want to see your attributes? [ynq] (y)
 Do you want an account of creatures vanquished? [ynaq] (y)
 Do you want a list of species genocided? [ynq] (y)
 Do you want to see your conduct and achievements? [ynq] (y)
 Do you want to see the dungeon overview? [ynq] (y)

Inventory:
 Coins    ('$')
  $ - 186 gold pieces
 Amulets  ('"')
  k - an uncursed amulet versus poison (being worn)
 Weapons  (')')
  y - 2 blessed +3 daggers
  O - a +1 dagger
  h - 5 +0 daggers
  z - a +0 aklys (tethered to right hand)
  b - a +0 axe (alternate weapon; not wielded)
  a - a rusty +0 two-handed sword
 Armor    ('[')
  j - an uncursed corroded +0 helm of telepathy (being worn)
  C - an uncursed +1 pair of iron shoes (being worn)
  M - an uncursed very burnt +0 cloak of invisibility (being worn)
  d - an uncursed +0 cloak of magic resistance
  P - an uncursed +0 mummy wrapping
  A - an uncursed +0 dwarvish mithril-coat (being worn)
 Comestibles  ('%')
  N - 2 uncursed tripe rations
 Scrolls  ('?')
  Z - 2 uncursed scrolls of confuse monster
  I - an uncursed scroll of enchant armor
  W - 3 uncursed scrolls of enchant weapon
  S - a cursed scroll of enchant weapon
  m - a blessed scroll of food detection
  s - an uncursed scroll of genocide
  X - a blessed scroll of identify
  e - an uncursed scroll of identify
  Y - an uncursed scroll of light
  L - a cursed scroll of light
  p - a blessed scroll of magic mapping
  E - an uncursed scroll of punishment
  q - a blessed scroll of remove curse
  o - an uncursed scroll of remove curse
  B - 2 uncursed scrolls of teleportation
 Potions  ('!')
  Q - a cursed potion of levitation
  r - a blessed potion of paralysis
  g - an uncursed potion of restore ability
  f - an uncursed potion of water
  i - a potion of unholy water
 Rings    ('=')
  G - a blessed +1 ring of gain strength
 Wands    ('/')
  F - a wand of cancellation (0:7)
  l - a wand of cold (0:4)
  V - a wand of create monster (0:10)
  c - a wand of magic missile named empty (0:0)
  v - a wand of magic missile named empty (0:0)
  T - a wand of magic missile named empty (0:0)
  w - a wand of polymorph (0:2)
  n - a wand of probing (0:7)
  t - a wand of probing (0:4)
  R - a wand of stasis (0:6)
 Tools    ('(')
  D - an uncursed tooled horn
  H - an uncursed blindfold
  U - an uncursed skeleton key
 Gems/Stones  ('*')
  x - a cursed jade stone

Coineanach the Barbarian's attributes:

Background:
 You were a Brigand, a level 10 male human Barbarian.
 You were neutral, on a mission for Crom
 who was opposed by Mitra (lawful) and Set (chaotic).
 You were right-handed.
 You were in Sokoban, on level 6.
 You entered the dungeon 13267 turns ago.
 You had 6425 experience points, 3575 more were needed to attain level 11.

Basics:
 You had 0 out of 109 hit points.
 You had all 19 energy points (spell power).
 Your armor class was 1.
 Your wallet contained 186 zorkmids.
 Autopickup was off.

Final Characteristics:
 Your strength was 18/11 (base:18/12, limit:18/100).
 Your dexterity was 16 (peak:18, limit:18).
 Your constitution was 18 (limit:18).
 Your intelligence was 7 (limit:18).
 Your wisdom was 9 (limit:18).
 Your charisma was 6 (limit:18).

Final Status:
 You were deaf.
 You were fainted due to starvation.
 You were unencumbered.
 You were wielding a club.
 You had basic skill with club.

Final Attributes:
 You were piously aligned.
 You were cold resistant.
 You were shock resistant.
 You were poison resistant.
 You were telepathic.
 You were invisible.
 You were guarded.
 Your spell casting was impaired by metallic armor.
 You were fast.
 You are dead.

Miscellaneous:
 You didn't encounter any bones levels.
 Total elapsed playing time was 2 hours, 38 minutes and 50 seconds.

Major events:
 Turn
    1: Coineanach the neutral male human Barbarian entered the dungeon
  639: attained the rank of Pillager (level 3)
 1065: entered the Gnomish Mines
 2503: reached Mine Town
 2605: attained the rank of Bandit (level 6)
 4966: performed his first genocide (master mind flayers)
10237: entered Sokoban
10624: completed 1st Sokoban level
11534: completed 2nd Sokoban level
11914: completed 3rd Sokoban level
12364: attained the rank of Brigand (level 10)
13061: completed 4th Sokoban level
13267: killed by an ogre lord, while fainted from lack of food

Spells:
 Name                 Level Category     Fail Retention
 light                  1   divination   100%   26%-50%
 healing                1   healing      100%   26%-50%
 detect monsters        1   divination   100%   51%-75%

Skills:
 Fighting Skills
   bare handed combat [Basic]
   two weapon combat  [Unskilled]
   riding             [Unskilled]
 Weapon Skills
   dagger             [Basic]
   axe                [Basic]
   pick-axe           [Unskilled]
   short sword        [Unskilled]
   broadsword         [Unskilled]
   long sword         [Unskilled]
   two-handed sword   [Expert]
   saber              [Unskilled]
   club               [Basic]
   mace               [Unskilled]
   morning star       [Unskilled]
   flail              [Unskilled]
   hammer             [Unskilled]
   quarterstaff       [Unskilled]
   spear              [Unskilled]
   trident            [Unskilled]
   bow                [Unskilled]
 Spellcasting Skills
   attack spells      [Unskilled]
   escape spells      [Unskilled]

Voluntary challenges:
 Character rerolling was not enabled.
 You genocided 1 type of monster.
 You never polymorphed an object.
 You never changed form.
 You used no wishes.
 You did not violate any of the special Sokoban rules.
Achievements:
 You attained the rank of Pillager.
 You entered the Gnomish Mines.
 You entered Minetown.
 You entered a temple.
 You entered a shop.
 You attained the rank of Bandit.
 You entered Sokoban.
 You attained the rank of Brigand.

 The Dungeons of Doom: levels 1 to 9
    Level 1:
    Level 2: "spb light"
    Level 3:
       A sink.
       Stairs down to The Gnomish Mines.
    Level 4: "spb healing"
       A fountain.
    Level 5: "vault"
    Level 6:
       A fountain.
    Level 7: "potions"
       An armor shop.
    Level 8:
    Level 9: "vault"
       A fountain, a sink, a grave.
       Stairs up to Sokoban, level 8.
 The Gnomish Mines: levels 4 to 6
    Level 4:
    Level 5:
    Level 6:
       Many shops, a temple and an altar, some fountains.
 Sokoban: levels 8 up to 5
    Level 5:
       Solved.
    Level 6: <- You were here.
       Solved.
       Final resting place for
          you, killed by an ogre lord, while fainted from lack of food.
    Level 7:
       Solved.
    Level 8:
       Solved.


Vanquished creatures:
  a giant mimic
  3 large mimics
  4 small mimics
  a xan
  a wood golem
  2 gelatinous cubes
  a pyrolisk
  a freezing sphere
  2 flaming spheres
  a large cat
  2 tigers
  a gargoyle
  3 dwarf rulers
  3 tengu
 an ochre jelly
  a leocrotta
  a mountain centaur
  a wraith
  2 amorous demons
  a horned devil
  2 chameleons
  a giant beetle
  2 cockatrices
  4 wolves
  2 winter wolf cubs
  a panther
  2 leprechauns
 an orc-captain
  2 mumakil
  a giant spider
  a scorpion
  a black light
  2 vampire bats
  a forest centaur
  a rust monster
  a yeti
  2 gold golems
  2 lizards
  a housecat
  a jaguar
  2 dwarf leaders
  a blue jelly
  a gnome mummy
  2 snakes
  3 apes
  9 human zombies
  a rope golem
  a Woodland-elf
  2 soldier ants
  2 fire ants
 22 bugbears
  2 quasits
  a wood nymph
  2 mountain nymphs
 23 Uruk-hai
 an orc shaman
  5 rock piercers
  a rock mole
  a fog cloud
  5 yellow lights
  3 violet fungi
  5 gnome leaders
  4 gnomish wizards
  3 gray oozes
  5 elf zombies
  8 giant ants
  2 floating eyes
  a kitten
  8 dwarves
  2 homunculi
  4 kobold leaders
  2 kobold shamans
  4 hill orcs
 12 rothes
  a centipede
  2 giant bats
  a dwarf zombie
  a wererat
  8 iguanas
 an acid blob
  3 gas spores
  3 hobbits
  2 large kobolds
 15 hobgoblins
 11 giant rats
  5 cave spiders
  2 brown molds
  a yellow mold
  2 red molds
 38 gnomes
  a garter snake
  3 gnome zombies
  9 geckos
 11 jackals
  3 foxes
  3 kobolds
  6 goblins
  2 sewer rats
  2 grid bugs
  5 lichens
  7 newts
362 creatures vanquished.

Genocided species:
 master mind flayers
1 species genocided.

Game over:
                       ----------
                      /          \
                     /    REST    \
                    /      IN      \
                   /     PEACE      \
                  /                  \
                  |    Coineanach    |
                  |      186 Au      |
                  |   killed by an   |
                  |    ogre lord     |
                  |                  |
                  |                  |
                  |       2026       |
                 *|     *  *  *      | *
        _________)/\\_//(\/(/\)/\//\/|_)_______

Goodbye Coineanach the Barbarian...

You died in Sokoban on dungeon level 6 with 26288 points,
and 186 pieces of gold, after 13267 moves.
You were level 10 with a maximum of 109 hit points when you died.

